 Dungeon Crawl Stone Soup version 0.30.0 (webtiles) character file.

Game seed: 4881218988746247477

452 Sabo the Chopper (level 7, 0/36 HPs)
             Began as a Vine Stalker Fighter on May 6, 2023.
             Was a Follower of Qazlal.
             Succumbed to a scorpion's poison
             ... on level 5 of the Dungeon.
             The game lasted 00:19:25 (4206 turns).

Sabo the Chopper (Vine Stalker Fighter)             Turns: 4206, Time: 00:19:26

Health: 0/36       AC: 10    Str: 21    XL:     7   Next: 4%
Magic:  1/8        EV:  8    Int:  8    God:    Qazlal [*.....]
Gold:   231        SH:  6    Dex: 13    Spells: 6/6 levels left

rFire   . . .        a - +3 war axe (venom)
rCold   . . .        c - +0 buckler
rNeg    . . .        m - +0 chain mail
rPois   .            (no helmet)
rElec   .            s - +0 cloak
rCorr   .            (no gloves)
SInv    .            (no boots)
Will    .....        (no amulet) Stlth
                     (no ring)
HPRegen 1.06/turn    (no ring)
MPRegen 0.11/turn

%: guardian spirit
@: lethally poisoned (0 -> -1)
A: fangs 2, regeneration 1, magic shield, antimagic bite, no potion heal 2
a: Renounce Religion


You were on level 5 of the Dungeon.
You worshipped Qazlal.
Qazlal was aware of your devotion.
You visited 1 branch of the dungeon, and saw 5 of its levels.

You collected 231 gold pieces.

Inventory:

Hand Weapons
 a - a +3 war axe of venom (weapon)
Missiles
 u - 3 boomerangs (quivered)
Armour
 c - a +0 buckler (worn)
 m - a +0 chain mail (worn)
 s - a +0 cloak (worn)
Jewellery
 f - a ring of wizardry
Scrolls
 j - a scroll of poison {unknown}
 n - a scroll of amnesia {unknown}
 p - a scroll of teleportation
 q - a scroll of magic mapping {unknown}
 t - a scroll of fog {unknown}
Potions
 b - a potion of berserk rage {unknown}
 d - a potion of might
 h - a potion of flight {unknown}
 i - a potion of attraction {unknown}
 l - a potion of curing {unknown}
 o - a potion of cancellation {unknown}
 v - a potion of mutation {unknown}


   Skills:
 + Level 3.6 Fighting
 + Level 4.7 Axes
 + Level 3.5 Armour
 + Level 1.5 Dodging
 + Level 0.2 Stealth
 + Level 3.1 Shields


You had 6 spell levels left.
You didn't know any spells.
Your spell library contained the following spells:

 Spells                   Type           Power      Damage    Failure   Level
 Cigotuvi's Dreadful Rot  Necr/Pois/Air  0%         N/A       99%         2
 Ozocubu's Armour         Ice            0%         N/A       100%        3
 Animate Dead             Necr           0%         N/A       100%        4
 Dispel Undead            Necr           0%         3d6       100%        4
 Borgnjor's Vile Clutch   Necr/Erth      0%         N/A       100%        5
 Metabolic Englaciation   Hex/Ice        0%         N/A       100%        5
 Death Channel            Necr           0%         N/A       100%        6
 Simulacrum               Ice/Necr       0%         N/A       100%        6


Dungeon Overview and Level Annotations

Branches:
Dungeon (5/15)
 Temple: D:4-7

Altars:
Ashenzari
Elyvilon
Makhleb
Qazlal
Vehumet
Xom

Shops:
D:1 :


Innate Abilities, Weirdness & Mutations

You have extremely sharp teeth.
Your natural rate of healing is unusually fast.
When hurt, damage is shared between your health and your magic reserves.
Your bite disrupts and absorbs the magic of your enemies.
Potions cannot restore your health.


Message History

You closely miss the scorpion. You closely miss the gnoll.
You feel very sick. The gnoll completely misses you.
The gnoll closely misses you. The scorpion completely misses you.
You block the gnoll bouda's attack. You block the gnoll's attack.
You hit the gnoll bouda.
The gnoll bouda is almost dead.
You hit the gnoll.
The gnoll is poisoned.
You hit the scorpion.
You feel sick.
The scorpion stings you but does no damage.
The gnoll hits you but does no damage.
The gnoll bouda hits you with a +0 club.
* * * LOW HITPOINT WARNING * * *
The gnoll hits you with a +0 whip.
* * * LOW HITPOINT WARNING * * *
You block the scorpion's attack. The gnoll closely misses you.
You barely miss the gnoll bouda. You bite the gnoll bouda.
You kill the gnoll bouda!
Qazlal accepts your kill.
You hit the gnoll but do no damage. You barely miss the scorpion.
You feel sick. The scorpion stings you.
* * * LOW HITPOINT WARNING * * *
The gnoll hits you with a +0 whip. You block the gnoll's attack.
You have reached level 7!
You hit the scorpion.
The scorpion is poisoned.
You bite the scorpion. You drain its power.
You feel invigorated.
The scorpion is moderately wounded.
You closely miss the gnoll.
You feel sick.
The gnoll is no longer moving quickly.
The scorpion stings you but does no damage.
The gnoll hits you with a +0 whip.
* * * LOW HITPOINT WARNING * * *
The gnoll hits you from afar with a +0 spear.
* * * LOW HITPOINT WARNING * * *
The scorpion stings you but does no damage.
Unknown command.
You hit the scorpion but do no damage.
The scorpion looks as sick as possible!
The scorpion is heavily wounded.
You barely miss the gnoll.
Your attacks no longer feel as feeble.
You die...

........... .##
.........$##...
##..............
................
................
#....g......$# #
#>g)s....$#
.#.####@##....#. ###
#....................
#..##.....##...#$........
#............##..........
#.............##.........
....)....................
..............##..<...>..
.........................
.....[..........†........


You could see a scorpion (extremely poisoned) and 2 gnolls.

Vanquished Creatures
  An ice beast (D:5)
  A scorpion (D:5)
  A gnoll bouda (D:5)
  Natasha (thrice) (D:3)
  An iguana (D:5)
  An orc wizard (D:5)
  5 gnolls
  2 adders
  A worm (D:4)
  2 dart slugs
  10 orcs
  6 endoplasms
  2 giant cockroaches
  4 goblins
  8 hobgoblins
  3 kobolds
  3 quokkas
  6 ball pythons
  6 bats
  A frilled lizard (D:3)
  A rat (D:1)
68 creatures vanquished.

Notes
Turn   | Place    | Note
-------+----------+-------------------------------------------
     0 | D:1      | Sabo the Vine Stalker Fighter began the quest for the Orb.
     0 | D:1      | Reached XP level 1. HP: 11/11 MP: 2/2
   261 | D:1      | Found a faded altar of an unknown god.
   386 | D:1      | Found Ihiyt's Book Emporium.
   424 | D:1      | Reached XP level 2. HP: 16/16 MP: 3/3
   760 | D:2      | Found a stormy altar of Qazlal.
   778 | D:2      | Became a worshipper of Qazlal Stormbringer
   983 | D:2      | Reached skill level 2 in Axes
  1211 | D:2      | Reached XP level 3. HP: 20/20 MP: 4/4
  1983 | D:3      | Noticed Natasha
  1994 | D:3      | Killed Natasha
  1995 | D:3      | Gained mutation: Your natural rate of healing is unusually
                  | fast. [Vine Stalker growth]
  1995 | D:3      | Reached XP level 4. HP: 4/24 MP: 5/5
  2139 | D:3      | Noticed Natasha
  2151 | D:3      | Killed Natasha
  2152 | D:3      | Reached skill level 3 in Axes
  2217 | D:3      | Found a radiant altar of Vehumet.
  2217 | D:3      | Found a broken altar of Ashenzari.
  2320 | D:3      | Found a burning altar of Makhleb.
  2322 | D:3      | Noticed a balrug
  2854 | D:3      | Reached * piety under Qazlal
  2888 | D:3      | Noticed Natasha
  2896 | D:3      | Killed Natasha
  2897 | D:3      | Reached XP level 5. HP: 26/28 MP: 4/6
  3164 | D:4      | Found a white marble altar of Elyvilon.
  4007 | D:5      | Entered Level 5 of the Dungeon
  4044 | D:5      | Found a shimmering altar of Xom.
  4052 | D:5      | Noticed an ice beast
  4061 | D:5      | Reached skill level 4 in Axes
  4061 | D:5      | Reached XP level 6. HP: 17/32 MP: 4/7
  4069 | D:5      | Killed an ice beast
  4070 | D:5      | Reached skill level 1 in Dodging
  4205 | D:5      | Reached XP level 7. HP: 3/36 MP: 2/8
  4205 | D:5      | HP: 1/36 [gnoll/+0 spear[a gnoll bouda] (1)]
  4206 | D:5      | Succumbed to a scorpion's poison

Illustrated notes

Levels and vault maps discovered:
D:1:      amcnicky_arrival_single_pillar, layout_basic, serial_shops, shop,
          dreamdust_ecumenical_altar_grove, hangedman_abyss_or_decor_lesser_grid
D:2:      layout_basic, basic_altar
D:3:      layout_loops_corners, gammafunk_temple_overflow_wave,
          makhleb_altar_promises_db, uniq_natasha
D:4:      layout_basic, mainiacjoe_overflow_catwalk
D:5:      layout_cave_pools, kennysheep_mini, reono_crystal_passage,
          corexii_item_surrounded_by_moat

Skill      XL: |  1  2  3  4  5  6 |
---------------+-------------------+-----
Fighting       | 3 |  3.6
Axes           | 2 3 4 |  4.7
Shields        | 3 |  3.1
Armour         | 3 |  3.5
Dodging        | 1 |  1.5
Stealth        | |  0.2

Action                     |  1- 3 |  4- 6 |  7- 9 || total
---------------------------+-------+-------+-------++-------
  Melee: War axe           |    77 |    87 |     2 ||   166
         Bite              |    15 |    20 |     1 ||    36
    Use: Scroll            |       |     7 |       ||     7
 Armour: Scale mail        |    30 |       |       ||    30
         Chain mail        |    21 |    61 |     2 ||    84
  Dodge: Dodged            |    45 |    55 |       ||   100
  Block: Buckler           |    28 |    24 |       ||    52
